 Dungeon Crawl Stone Soup version 0.28.0-1-gb440e238dd (webtiles) character file.

Game seed: 7797418527177334201

153 pkoi the Ruffian (level 5, -4/46 HPs)
             Began as a Draconian Monk on Feb 22, 2022.
             Slain by Pikel (8 damage)
             ... on level 2 of the Dungeon.
             The game lasted 00:05:04 (4342 turns).

pkoi the Ruffian (Draconian Monk)                   Turns: 4342, Time: 00:05:04

Health: -4/46      AC:  6    Str: 14    XL:     5   Next: 12%
Magic:  5/5        EV: 12    Int: 12    God:
Gold:   152        SH:  0    Dex: 13    Spells: 4/4 levels left

rFire   . . .      SeeInvis .     - Unarmed
rCold   . . .      Faith    .   (no shield)
rNeg    . . .      Spirit   .   (armour unavailable)
rPois   +          Reflect  .   (helmet restricted)
rElec   .          Harm     .   d - +0 cloak
rCorr   .          Rampage  .   (no gloves)
Will    .....                   (no boots)
Stlth   ++........              (no amulet)
HPRegen 0.15/turn               b - ring of poison resistance
MPRegen 0.09/turn               (no ring)

@: about to teleport
A: AC +5, unfitting armour, cold-blooded
a: no special abilities


You were on level 2 of the Dungeon.
You visited 1 branch of the dungeon, and saw 4 of its levels.

You collected 152 gold pieces.

Inventory:

Missiles
 k - a throwing net (quivered)
Armour
 d - a +0 cloak (worn)
Jewellery
 b - a ring of poison resistance (left hand)
Potions
 a - 2 potions of magic
 h - a potion of curing
 j - 2 potions of brilliance
 m - a potion of haste


   Skills:
 - Level 4.0 Fighting
 - Level 3.0 Dodging
 - Level 2.0 Stealth
 + Level 5.2 Unarmed Combat


You had 4 spell levels left.
You didn't know any spells.
Your spell library contained the following spells:

 Spells                   Type           Power      Damage    Failure   Level
 Tukima's Dance           Hex            0%         N/A       69%         3
 Anguish                  Hex/Necr       0%         N/A       97%         4
 Enfeeble                 Hex            0%         N/A       100%        7


Dungeon Overview and Level Annotations

Branches:
Dungeon (4/15)
 Temple: D:4-7

Altars:
Cheibriados
Kikubaaqudgha

Annotations:
D:2 Pikel; Sigmund
D:4 1 runed translucent door, Bediveer's ghost, amateur HOMo


Innate Abilities, Weirdness & Mutations

Your plain brown scales are hard. (AC +5)
You cannot fit into any form of body armour.
You are cold-blooded and may be slowed by cold attacks.


Message History

Pikel hits you with a +0 whip of electrocution.
You are electrocuted!
* * * LOW HITPOINT WARNING * * *
There is a stone staircase leading up, spattered with blood here.
Pikel hits you with a +0 whip of electrocution.
* * * LOW HITPOINT WARNING * * *
The orc wizard hits you with a +0 dagger.
* * * LOW HITPOINT WARNING * * *
You climb upwards.
There is a stone staircase leading down, spattered with blood here.
Unknown command.
Unknown command.
Unknown command.
The orc wizard gestures at you while chanting.
You are confused.
You bump into the rock wall.
The orc wizard hits you but does no damage.
You bump into the rock wall.
Pikel hits you with a +0 whip of electrocution.
* * * LOW HITPOINT WARNING * * *
You are electrocuted!
* * * LOW HITPOINT WARNING * * *
You miss Pikel. Pikel barely misses you.
You feel better. Pikel hits you but does no damage.
The orc wizard mumbles some strange words.
The orc wizard flickers and vanishes!
Deactivating autopickup; reactivate with Ctrl-A.
There is a stone staircase leading up here.
Pikel closely misses you.
You climb upwards.
Level annotation: Sigmund Reactivating autopickup.
There is a stone staircase leading down here.
Pikel hits you with a +0 whip of electrocution!
* * * LOW HITPOINT WARNING * * *
The lemure shouts!
As you read the scroll of teleportation, it crumbles to dust.
You feel strangely unstable.
Pikel hits you with a +0 whip of electrocution!
You die...

#.##.##.# #[..†##.#
#.##.##.###### #######
#.##.##.#....########.....#
......................###.#
......................###.#
#####......._...........#.#
# #.................#.#.#
#####........5.K@.......5<#
#.......###.##..####.##.###
#.###.......###......#..#
#.##....##### ########.##
........# ####### #.#
#.##.##.# #.....# #.#
........####.....# #.#
.....##........>.# #.#
..##.....###.....# #.#


You could see Pikel and a lemure.

Vanquished Creatures
  An orc priest (D:3)
  5 adders
  An ufetubus (D:3)
  2 worms (D:2)
  3 dart slugs
  2 orcs (D:3)
  3 bats (D:1)
  5 endoplasms
  3 giant cockroaches
  6 goblins
  5 hobgoblins
  5 kobolds
  A quokka (D:1)
  6 ball pythons
  3 frilled lizards
  7 rats
58 creatures vanquished.

Vanquished Creatures (others)
  2 withered plants (D:4)
2 creatures vanquished.

Grand Total: 60 creatures vanquished

Notes
Turn   | Place    | Note
-------+----------+-------------------------------------------
     0 | D:1      | pkoi the Draconian Monk began the quest for the Orb.
     0 | D:1      | Reached XP level 1. HP: 19/19 MP: 1/1
   185 | D:1      | Reached XP level 2. HP: 26/26 MP: 2/2
   717 | D:1      | Found a faded altar of an unknown god.
  1093 | D:1      | Reached XP level 3. HP: 33/33 MP: 3/3
  1131 | D:2      | Noticed Sigmund
  1694 | D:3      | Reached skill level 4 in Unarmed Combat
  1780 | D:3      | Found an ancient bone altar of Kikubaaqudgha.
  1801 | D:3      | Reached XP level 4. HP: 37/40 MP: 4/4
  2441 | D:2      | Found a snail-covered altar of Cheibriados.
  3651 | D:4      | Found a runed translucent door.
  3651 | D:4      | Noticed Bediveer's ghost (amateur HOMo)
  3651 | D:4      | Noticed a bullfrog
  3653 | D:4      | Noticed a lemure
  3653 | D:4      | Noticed a lemure
  3654 | D:4      | Noticed a lemure
  3655 | D:4      | Noticed Pikel
  3661 | D:3      | Reached skill level 5 in Unarmed Combat
  3661 | D:3      | Reached XP level 5. HP: 39/46 MP: 5/5
  4315 | D:3      | HP: 2/46 [Pikel (11)]
  4322 | D:2      | HP: 1/46 [Pikel (8)]
  4342 | D:2      | Slain by Pikel

Illustrated notes

Levels and vault maps discovered:
D:1:      ebering_trefoil_3fold, layout_basic, shapermc_ecumenical_altar_venn
D:2:      layout_loops_cross, basic_altar, uniq_sigmund
D:3:      layout_loops_ring, lemuel_crystal_altar
D:4:      layout_rooms, nicolae_dithmenos_the_darkroom,
          chequers_temple_overflow_minitemple, serial_undead, serial_undead_c,
          serial_undead_a, serial_undead_e, serial_undead_b, serial_undead_e,
          serial_undead_f, ebering_ghost_sewer_f, uniq_ijyb, uniq_pikel

Skill      XL: |  1  2  3  4 |
---------------+-------------+-----
Stealth        | 2 |  2.0
Dodging        | 3 |  3.0
Fighting       | 4 |  4.0
Unarmed Combat | 4 5 |  5.2

Action                   |  1- 3 |  4- 6 || total
-------------------------+-------+-------++-------
Melee: Unarmed           |   132 |   102 ||   234
       Tailslap          |    13 |    18 ||    31
       Punch             |     3 |     3 ||     6
  Use: Scroll            |       |    13 ||    13
       Potion            |       |     1 ||     1
 Stab: Sleeping          |     4 |     2 ||     6
Armor: Skin              |    43 |    24 ||    67
Dodge: Dodged            |    87 |    50 ||   137
